 Dungeon Crawl Stone Soup version 0.32-a0-630-g46d191b0ed (webtiles) character file.

Game seed: 1698095487978793027

805 dialectric the Charlatan (level 7, -5/55 HPs)
             Began as a Coglin Artificer on Mar 7, 2024.
             Killed from afar by a kobold (12 damage)
             ... with a bolt of light
             ... on level 5 of the Dungeon.
             The game lasted 00:07:51 (4463 turns).

dialectric the Charlatan (Coglin Artificer)         Turns: 4463, Time: 00:07:51

Health: -5/55      AC:  7    Str: 14    XL:     7   Next: 91%
Magic:  7/7        EV: 12    Int: 10    God:
Gold:   268        SH:  0    Dex: 15    Spells: 6/6 levels left

rFire   . . .        a - +0 hand axe {Somchai}
rCold   . . .        h - +0 hand axe {Valter}
rNeg    . . .        b - +0 leather armour
rPois   .            p - +1 helmet
rElec   .            (no cloak)
rCorr   .            l - +0 pair of gloves
SInv    .            r - +0 pair of boots
Will    .....        (amulet unavailable)
Stlth   ++           (ring unavailable)
HPRegen 0.29/turn    (ring unavailable)
MPRegen 0.10/turn    (no gizmo)

%: no passive effects
@: revving
A: off-hand wielding, slow wielding, warmup strikes, no jewellery
a: Invent Gizmo


You were on level 5 of the Dungeon.
You visited 1 branch of the dungeon, and saw 5 of its levels.
You also visited: Sewer.

You collected 268 gold pieces.

Inventory:

Hand Weapons
 a - a +0 hand axe (weapon) {Somchai}
 h - a +0 hand axe (offhand) {Valter}
 x - a +2 whip of venom
Missiles
 f - 22 poisoned darts
Armour
 b - a +0 leather armour (worn)
 l - a +0 pair of gloves (worn)
 p - a +1 helmet (worn)
 r - a +0 pair of boots (worn)
Wands
 c - a wand of flame (10) (quivered)
 d - a wand of charming (7)
 e - a wand of iceblast (3)
Scrolls
 g - a scroll of fog {unknown}
 j - a scroll of silence
 n - a scroll of teleportation
 o - a scroll of enchant weapon
 u - a scroll of revelation {unknown}
 y - a scroll of identify {unknown}
 z - a scroll of enchant armour {unknown}
 A - a scroll of torment {unknown}
 C - a scroll of fear {unknown}
Potions
 i - a potion of haste {unknown}
 k - a potion of curing {unknown}
 m - a potion of resistance {unknown}
 q - a potion of degeneration {unknown}
 t - 2 potions of lignification {unknown}
 v - a potion of magic {unknown}
 w - a potion of enlightenment {unknown}
 B - a potion of might {unknown}


   Skills:
 + Level 4.4 Fighting
 - Level 3.1 Axes
 + Level 3.5 Armour
 + Level 3.1 Dodging
 - Level 3.0 Stealth
 - Level 5.0 Evocations


You had 6 spell levels left.
You didn't know any spells.
Your spell library contained the following spells:

 Spells                   Type           Power      Damage    Failure   Level
 Call Canine Familiar     Summ           0%         N/A       80%         3
 Fugue of the Fallen      Necr           0%         N/A       80%         3
 Ozocubu's Armour         Ice            0%         N/A       80%         3
 Sigil of Binding         Hex            0%         N/A       80%         3
 Dimensional Bullseye     Hex/Tloc       0%         N/A       99%         4
 Manifold Assault         Tloc           0%         N/A       99%         4


Dungeon Overview and Level Annotations

Branches:
Dungeon (5/15)             Temple (0/1) D:5           Sewer (visited)

Altars:
Cheibriados
Dithmenos
Qazlal
Vehumet
Yredelemnul

Annotations:
D:3 Ijyb


Innate Abilities, Weirdness & Mutations

You can wield a second weapon in your off-hand.
It takes a long time for you to wield or remove held weapons.
Your first few attacks do less damage.
You cannot equip rings or amulets.


Message History

Unknown command.
Aiming: Charm
Press: ? - help, Shift-Dir - straight line, f/p - kobold brigand
Aim: a kobold brigand, wielding a +2 short sword of venom and quivering curare-tipped darts (chance to affect: 62%)
The kobold brigand is charmed.
You feel sick. Esekla's ghost misses you. Esekla's ghost barely misses you.
Unknown command.
Unknown command.
You hit Esekla's ghost with your +0 hand axe.
Esekla's ghost is moderately damaged.
You barely miss Esekla's ghost with your +0 hand axe.
You feel yourself speed up.
You feel sick.
Your kobold brigand hits Esekla's ghost with a +2 short sword of venom!
Esekla's ghost misses your kobold brigand.
Esekla's ghost barely misses your kobold brigand.
Your kobold brigand misses Esekla's ghost.
You feel sick.
Your kobold brigand hits Esekla's ghost with a +2 short sword of venom!
Esekla's ghost is destroyed!
Unknown command.
You feel sick.
The kobold zaps a wand.
The bolt of light misses your kobold brigand.
The bolt of light hits you!!
* * * LOW HITPOINT WARNING * * *
Unknown command.
You feel much better.
You feel sick.
You are no longer poisoned.
The kobold zaps a wand.
The bolt of light hits your kobold brigand!
Your kobold brigand is blinded.
The bolt of light hits you!!
* * * LOW HITPOINT WARNING * * *
You swap places.
Things that are here:
a +0 short sword; 5 stones; a kobold corpse You closely miss the kobold with your +0 hand axe.
You hit the kobold but do no damage.
The kobold zaps a wand.
The bolt of light hits you!
You die...

.......K.....#..........#........
........K....#..........#........
...WK.).WK...#######....#........
#'KK##.###K####...###############
....K##............#
.#.#K.#............#
.#.#.ß#.......)....#
.#.#..#.##...###K###
.....##.###+##..@..#
#.$$##.......#..K..#
#####........#.....#
....#........#.....#
....#........#.....#
....######.###.....#
.......###.#.......#
.......'...#.......#########
.......#...#.......#.......##


You could see a kobold and a friendly kobold brigand (charmed, blind).

Vanquished Creatures
  A black bear (D:5)
  A crocodile (Sewer)
  A centaur (D:5)
  A brain worm (Sewer)
  A howler monkey (D:5)
  2 hounds
  A sleepcap (D:4)
  3 iguanas
  An orc wizard (D:5)
  Robin (D:3)
  5 gnolls
  6 adders
  5 dart slugs
  2 ribbon worms
  9 orcs
  9 endoplasms
  6 giant cockroaches
  12 goblins
  13 hobgoblins
  3 jackals (D:1)
  9 quokkas
  6 ball pythons
  10 bats
  3 frilled lizards
  4 kobolds
  7 rats
122 creatures vanquished.

Vanquished Creatures (collateral kills)
  A gnoll (D:4)
  The ghost of Esekla the Sneak, a weakling OpDe (D:5)
  An orc (D:4)
3 creatures vanquished.

Vanquished Creatures (others)
  An orc priest (D:4)
  A gnoll (D:3)
  2 kobolds (D:5)
4 creatures vanquished.

Grand Total: 129 creatures vanquished

Notes
Turn   | Place    | Note
-------+----------+-------------------------------------------
     0 | D:1      | dialectric the Coglin Artificer began the quest for the
                  | Orb.
     0 | D:1      | Reached XP level 1. HP: 15/15 MP: 1/1
   121 | D:1      | Reached skill level 1 in Dodging
   191 | D:1      | Reached skill level 1 in Stealth
   243 | D:1      | Reached XP level 2. HP: 21/21 MP: 2/2
   352 | D:1      | Reached XP level 3. HP: 5/26 MP: 3/3
   816 | D:2      | Reached XP level 4. HP: 33/33 MP: 4/4
  1131 | D:2      | Reached skill level 1 in Axes
  1733 | D:3      | Reached XP level 5. HP: 37/38 MP: 5/5
  1965 | D:3      | Found a faded altar of an unknown god.
  2032 | D:3      | Noticed Ijyb
  2032 | D:3      | Noticed Robin
  2142 | D:3      | Killed Robin
  2214 | D:4      | Reached skill level 5 in Evocations
  2456 | D:4      | Reached XP level 6. HP: 15/46 MP: 6/6
  2638 | D:4      | Found a glowing drain.
  2665 | Sewer    | Entered a sewer
  3054 | D:4      | Reached XP level 7. HP: 48/52 MP: 7/7
  3494 | D:5      | Entered Level 5 of the Dungeon
  3581 | D:5      | Found a runed translucent gate.
  3581 | D:5      | Found a runed translucent gate.
  3581 | D:5      | Found a runed translucent gate.
  3584 | D:5      | Noticed Esekla's ghost (weakling OpDe)
  3593 | D:5      | Found a staircase to the Ecumenical Temple.
  3867 | D:5      | Found a radiant altar of Vehumet.
  3869 | D:5      | Found a shadowy altar of Dithmenos.
  3875 | D:5      | Found a basalt altar of Yredelemnul.
  3878 | D:5      | Found a snail-covered altar of Cheibriados.
  3897 | D:5      | Found a stormy altar of Qazlal.
  4459 | D:5      | Killed Esekla's ghost
  4460 | D:5      | HP: 1/55 [kobold/bolt of light (21)]
  4463 | D:5      | Killed from afar by a kobold

Illustrated notes

Levels and vault maps discovered:
D:1:      sevenhm_arrival_forest_fort_small_3, layout_rooms
D:2:      minmay_angry_zag, layout_basic
D:3:      layout_basic, ebering_ecumenical_altar_mist, st_stairs_14,
          hangedman_abyss_or_decor_stabs, nicolae_goblin_pals
D:4:      layout_loops_corners, serial_bayou, serial_bayou_pond_a,
          serial_bayou_shore_a, serial_bayou_lagoon_a, serial_bayou_pond_a,
          portal_sewer_entry_f
D:5:      layout_gridville, minmay_overflow_temple_star_hex,
          minmay_temple_entry_overgrown, gammafunk_ghost_nasty_kobolds

Skill      XL: |  1  2  3  4  5  6  7 |
---------------+----------------------+-----
Dodging        | 1 2 3 |  3.1
Stealth        | 1 2 3 |  3.0
Armour         | 2 3 |  3.5
Fighting       | 2 3 4 |  4.4
Axes           | 1 2 3 |  3.1
Evocations     | 5 |  5.0

Action                     |  1- 3 |  4- 6 |  7- 9 || total
---------------------------+-------+-------+-------++-------
  Melee: Club              |    11 |       |       ||    11
         Dagger            |    11 |       |       ||    11
         Hand axe          |   117 |   277 |   158 ||   552
  Evoke: Wand              |     1 |     8 |     6 ||    15
    Use: Scroll            |       |     1 |     2 ||     3
         Potion            |       |     1 |     2 ||     3
   Stab: Sleeping          |     1 |     4 |     3 ||     8
 Armour: Leather armour    |    55 |   103 |    74 ||   232
  Dodge: Dodged            |    57 |   100 |    71 ||   228

Table legend: (Time is in decaauts)
 A = Elapsed time spent in this place.
 B = Non-inter-level travel time spent in this place.
 C = Inter-level travel time spent in this place.
 D = Time resting spent in this place.
 E = Time spent auto-exploring this place.
 F = Levels seen in this place.
 G = Mean time per level.
                   A        B        C        D        E       F      G
               +--------+--------+--------+--------+--------+-----+--------+
         Total |   4574 |   4401 |    173 |    206 |   2823 |   6 |  762.3 |
       Dungeon |   4468 |   4295 |    173 |    206 |   2807 |   5 |  893.6 |
         Sewer |    105 |    105 |      0 |      0 |     16 |   1 |  105.0 |
               +--------+--------+--------+--------+--------+-----+--------+

Top non-repeatable levels by time:
     D:4: 1279 daAuts
     D:5: 988 daAuts
     D:2: 805 daAuts
     D:1: 726 daAuts
     D:3: 668 daAuts
   Sewer: 105 daAuts
